Unix NetHack Version 5.0.0-0 post-release - last build Jun 10 2026 00:39:30 (3ee93aec679c4c4259841fe613dc97188e26a321,branch:main).

Game began 2026-07-06 14:39:41, ended 2026-07-06 15:24:10.

DaveT, lawful male human Priest

                                                               ---------
                                                               ........|
                                                               |.......|
                                                               |.......|
                                                               ........|
                                                               |...<...|
                                                               -.-------
                                                                #
                                                                ###
                                                                  #
                                                                  #
                                                                  #
                                                                  #####
                                                                      #
                                                                ------|-
                                                                .......|
                         |   -----  ---- -...-+------     k     |......|
                         |.............................:- f@f#)#.>.....|
                         -----------------...-----------        --------

DaveT the Adept              St:13 Dx:11 Co:17 In:10 Wi:18 Ch:9  Lawful
Dlvl:7  $:498 HP:0(61) Pw:70(70) AC:1  Xp:7 T:7777  Burdened

Latest messages:
 The snake bites!
 The gnome hits!
 The snake misses!
 The gnome hits!
 The snake bites!
 You see here 2 daggers.
 You miss the snake.
 The snake just misses!
 You see the snake slither under daggers.
 A snake was hidden under 2 daggers!
 The snake bites!
 The snake bites!
 You kill the snake!
 You kill the gnome!
 The kobold shaman points at you, then curses.
 The kobold shaman casts a spell!
 The kobold shaman is suddenly moving faster.
 The kobold shaman points at you, then curses.
 You hit the kobold shaman!
 You kill the kobold shaman!
 You kill the gnome!
 The large cat misses!
 You hit the large cat!
 The large cat bites!
 The kitten bites!
 The large cat bites!
 The kitten bites!
 The kitten bites!
 You hit the large cat!
 The large cat bites!
 The kitten bites!
 The kitten misses!
 What do you want to drink? [djN or ?*] j
 You feel better.
 The large cat bites!
 The kitten misses!
 The kobold shaman picks up a cursed engagement ring.
 You miss the kitten.
 The large cat misses!
 The kitten bites!
 The kitten misses!
 The large cat bites!
 The kitten misses!
 The air crackles around the kobold shaman.
 The large cat bites!
 You miss the kitten.
 The large cat bites!
 You die...
 Do you want your possessions identified? [ynq] (y) y
 Do you want to see your attributes? [ynq] (y) q

Inventory:
 Coins    ('$')
  $ - 498 gold pieces
 Amulets  ('"')
  w - an amulet versus poison (being worn)
 Weapons  (')')
  X - 3 blessed +0 darts (at the ready)
  q - 13 +0 darts
  H - 3 +1 daggers
  I - 10 +0 daggers
  p - a +0 orcish dagger
  M - a +0 aklys
  K - a +0 dwarvish mattock
  a - a blessed +4 mace (weapon in right hand)
 Armor    ('[')
  c - a +0 orcish helm (being worn)
  m - a -3 pair of levitation boots
  b - a blessed +2 robe (being worn)
  E - a +0 orcish chain mail (being worn)
 Comestibles  ('%')
  e - a clove of garlic
  A - a food ration
  f - a sprig of wolfsbane
 Scrolls  ('?')
  n - a scroll of destroy armor
  R - a scroll of identify
 Spellbooks  ('+')
  h - a spellbook of clairvoyance
  L - a spellbook of create familiar
  T - a spellbook of cure sickness
  S - a spellbook of dig
  g - a spellbook of protection
 Potions  ('!')
  N - a cursed potion of fruit juice
  d - a potion of holy water
 Rings    ('=')
  s - a ring of conflict
 Wands    ('/')
  y - a wand of light (0:14)
  O - a wand of secret door detection (0:12)
  o - a wand of stasis (0:4)
 Tools    ('(')
  v - a leather drum
  P - a magic harp (0:8)
  i - a magic marker (0:22)
  x - a towel

DaveT the Priest's attributes:

Background:
 You were an Adept, a level 7 human Priest.
 You were lawful, on a mission for Mitra
 who was opposed by Crom (neutral) and Set (chaotic).
 You were right-handed.
 You were in the Gnomish Mines, on level 7.
 You entered the dungeon 7777 turns ago.
 You had 1241 experience points, 39 more were needed to attain level 8.

Basics:
 You had 0 out of 61 hit points.
 You had all 70 energy points (spell power).
 Your armor class was 1.
 Your wallet contained 498 zorkmids.
 Autopickup was off.

Final Characteristics:
 Your strength was 13 (limit:18/100).
 Your dexterity was 11 (limit:18).
 Your constitution was 17 (limit:18).
 Your intelligence was 10 (limit:18).
 Your wisdom was 18 (limit:18).
 Your charisma was 9 (limit:18).

Final Status:
 You weren't hungry.
 You were burdened; movement was slightly slowed.
 You were wielding a mace.
 You were skilled in mace and could have enhanced that.

Final Attributes:
 You were piously aligned.
 You were poison resistant.
 You were guarded.
 Your spell casting was impaired by metallic armor, mitigated by your robe.
 You are dead.

Miscellaneous:
 You encountered 1 bones level.
 Total elapsed playing time was 29 minutes and 29 seconds.

Major events:
 Turn
    1: DaveT the lawful human Priest entered the dungeon
 1103: attained the rank of Acolyte (level 3)
 1579: entered the Gnomish Mines
 2786: attained the rank of Adept (level 6)
 7777: killed by a large cat

Spells:
 Name                 Level Category     Fail Retention
 protection             1   clerical      49%   61%-70%
 clairvoyance           3   divination   100%   51%-75%
 create familiar        6   clerical     100%   71%-80%

Skills:
 Fighting Skills
   bare handed combat [Unskilled]
 Weapon Skills
   club               [Unskilled]
   mace               [Skilled]
   morning star       [Unskilled]
   flail              [Unskilled]
   hammer             [Unskilled]
   quarterstaff       [Unskilled]
   polearms           [Unskilled]
   spear              [Unskilled]
   trident            [Unskilled]
   lance              [Unskilled]
   bow                [Unskilled]
   sling              [Unskilled]
   crossbow           [Unskilled]
   dart               [Unskilled]
   shuriken           [Unskilled]
   boomerang          [Unskilled]
   unicorn horn       [Unskilled]
 Spellcasting Skills
   healing spells     [Unskilled]
   divination spells  [Unskilled]
   clerical spells    [Basic]

Voluntary challenges:
 Character rerolling was not enabled.
 You never genocided any monsters.
 You never polymorphed an object.
 You never changed form.
 You used no wishes.
Achievements:
 You attained the rank of Acolyte.
 You entered the Gnomish Mines.
 You attained the rank of Adept.

 The Dungeons of Doom: levels 1 to 5
    Level 1: "wild leprechaun"
    Level 2:
       An altar.
    Level 3:
       Some fountains.
    Level 4:
       A sink.
       Stairs down to The Gnomish Mines.
    Level 5:
 The Gnomish Mines: levels 5 to 8
    Level 5:
    Level 6:
    Level 7: <- You were here.
       Final resting place for
          you, killed by a large cat,
          MonkMan11-Rog-Hum-Mal-Cha, killed by a snake, while praying.
    Level 8:


Vanquished creatures:
  a leprechaun
  a snake
  a fire ant
 an orc shaman
  a rock piercer
  a rock mole
  2 ponies
  3 fog clouds
  2 yellow lights
  a shrieker
  8 gnome leaders
  a gnomish wizard
  a gray ooze
  2 elf zombies
  8 giant ants
  2 little dogs
  2 floating eyes
  a kitten
  3 dwarves
  2 homunculi
  a kobold leader
  3 kobold shamans
  6 hill orcs
 10 rothes
  a rabid rat
  3 giant bats
 an orc zombie
  a wererat
  7 iguanas
  3 acid blobs
  a gas spore
  a hobbit
 12 manes
  2 large kobolds
  2 hobgoblins
  2 giant rats
  2 brown molds
 19 gnomes
 13 garter snakes
  a gnome zombie
  7 geckos
  8 jackals
  2 foxes
  3 kobolds
  2 goblins
 11 sewer rats
  6 grid bugs
  6 bats
  5 lichens
  2 kobold zombies
 12 newts
199 creatures vanquished.

No species were genocided or became extinct.

Game over:
                       ----------
                      /          \
                     /    REST    \
                    /      IN      \
                   /     PEACE      \
                  /                  \
                  |      DaveT       |
                  |      498 Au      |
                  |   killed by a    |
                  |    large cat     |
                  |                  |
                  |                  |
                  |       2026       |
                 *|     *  *  *      | *
        _________)/\\_//(\/(/\)/\//\/|_)_______

Goodbye DaveT the Priest...

You died in The Gnomish Mines on dungeon level 7 with 5863 points,
and 498 pieces of gold, after 7777 moves.
You were level 7 with a maximum of 61 hit points when you died.

